 Dungeon Crawl Stone Soup version 0.24-a0-434-gd57e52fea8 (webtiles) character file.

Game seed: 17283796294158052602

21 Ilgrip the Vexing (level 2, 21/21 HPs)
             Began as a Demonspawn Arcane Marksman on June 16, 2019.
             Quit the game on level 1 of the Dungeon.
             The game lasted 00:00:31 (639 turns).

Ilgrip the Vexing (Demonspawn Arcane Marksman)       Turns: 639, Time: 00:00:32

Health: 21/21      AC:  2    Str: 10    XL:     2   Next: 65%
Magic:  3/3        EV: 12    Int: 14    God:
Gold:   72         SH:  0    Dex: 13    Spells: 2/3 levels left

rFire    . . .     SeeInvis .   a - +0 hunting sling
rCold    . . .     Gourm    .   (no shield)
rNeg     . . .     Faith    .   e - +0 robe
rPois    .         Spirit   .   (helmet restricted)
rElec    .         Reflect  .   (no cloak)
rCorr    .         Harm     .   (no gloves)
MR       .....                  (no boots)
Stlth    +.........             (no amulet)
HPRegen  0.07/turn              (no ring)
MPRegen  0.08/turn              (no ring)

@: no status effects
A: antennae 1
a: no special abilities


You were on level 1 of the Dungeon.
You were not hungry.

You visited 1 branch of the dungeon, and saw 1 of its levels.

You collected 72 gold pieces.

Inventory:

Hand Weapons
 a - a +0 hunting sling (weapon)
Missiles
 d - 15 sling bullets (quivered)
 g - 24 stones
Armour
 e - a +0 robe (worn)
Scrolls
 b - a scroll of identify {unknown}
 h - a scroll of amnesia {unknown}
 i - a scroll of immolation {unknown}
Potions
 c - a potion of haste {unknown}
Comestibles
 f - 4 rations


   Skills:
 + Level 1.1 Fighting
 + Level 2.4 Slings
 + Level 2.0 Dodging
 + Level 1.0 Spellcasting
 + Level 3.2 Hexes


You had 2 spell levels left.
You knew the following spells:

 Your Spells              Type           Power        Failure   Level  Hunger
a - Corona                Hex            #......      7%          1    ##.....

Your spell library contained the following spells:

 Spells                   Type           Power        Failure   Level  Hunger
 Slow                     Hex            #.......     11%         2    ###....
 Inner Flame              Hex/Fire       #.......     38%         3    ####...
 Portal Projectile        Hex/Tloc       #.....       38%         3    ####...
 Cause Fear               Hex            #.........   56%         4    #####..
 Leda's Liquefaction      Hex/Erth       #.........   80%         4    #####..


Dungeon Overview and Level Annotations

Branches:
Dungeon (1/15)

Altars:


Innate Abilities, Weirdness & Mutations

You have a pair of small antennae on your head.


Message History

d - 14 sling bullets (gained 1)
You see here a rat corpse.
You see here a +0 club.
d - 15 sling bullets (gained 1)
You see here a +0 club.
Key pressed, stopping explore.
No target in view!
You see here a rat corpse.
There is a stone staircase leading down here.
Key pressed, stopping explore.
No target in view!
No target in view!
Done exploring.
Done exploring.
No target in view!
Key pressed, stopping explore.
No target in view!
Done exploring.
Done exploring.
Are you sure you want to abandon this character and quit the game? (Confirm with "yes".)

.....##...##.########.#....#
#.
.##..##.####.........###.#.#
#. .##.....# ##########.#.##.#
#. .##...#.# ##.###.# #.
....#...# #.# #.# #.
.รท......# #.# #.# #.
........# #######.###.# #.
#.##.#..########...........#
#.
................@#####.#####
#. #.##.#..##############.# #.
#....................#.# #.
...#.#..######.#####.#.## #.
####.#..# #.# #....########.
........#### #.#
###........... ####.##....#
#.# #..########. #.......# #.#
#..# #.
#.#####.###.#######..########.


There were no monsters in sight!

Vanquished Creatures
  A dart slug (D:1)
  3 bats (D:1)
  A giant cockroach (D:1)
  2 goblins (D:1)
  3 hobgoblins (D:1)
  3 jackals (D:1)
  A frilled lizard (D:1)
  2 kobolds (D:1)
  2 rats (D:1)
18 creatures vanquished.

Notes
Turn   | Place    | Note
-------+----------+-------------------------------------------
     0 | D:1      | Ilgrip the Demonspawn Arcane Marksman began the quest for
                  | the Orb.
     0 | D:1      | Reached XP level 1. HP: 15/15 MP: 2/2
   203 | D:1      | Gained mutation: You have a pair of small antennae on your
                  | head. [demonic ancestry]
   203 | D:1      | Reached XP level 2. HP: 18/21 MP: 3/3
   639 | D:1      | Quit the game

Levels and vault maps discovered:
D:1:      evilmike_arrival_crescent, layout_loops_ring, minmay_vboxes

Skill      XL: |  1  2 |
---------------+-------+-----
Slings         | 2 |  2.4
Dodging        | 2 |  2.0
Fighting       | |  1.1
Spellcasting   | |  1.0
Hexes          | |  3.2

Action                   || total
-------------------------++-------
 Fire: Hunting sling     ||    48
Armor: Robe              ||     1
Dodge: Dodged            ||     4

Table legend:
 A = Non-vault XP
 B = Vault XP
 C = Vault XP percentage of total XP
 D = Non-vault monster count
 E = Vault monster count
 F = Vault count percentage of total count
                 A         B        C        D         E       F
            +---------+---------+-------+---------+---------+-------
      Total |      26 |       5 |  16.1 |      14 |       4 |  22.2
            +---------+---------+-------+---------+---------+-------
        D:1 |      26 |       5 |  16.1 |      14 |       4 |  22.2
            +---------+---------+-------+---------+---------+-------
